 Dungeon Crawl Stone Soup version 0.30-a0-591-g3c58d2bc28 (webtiles) character file.

Game seed: 17598830237595906329

97638 wormed the Transmogrifier (level 16, -5/135 HPs)
             Began as an Octopode Transmuter on Jan 5, 2023.
             Was an Initiate of Gozag.
             Slain by a merfolk impaler
             ... wielding a +3 trident of protection
              (17 damage)
             ... on level 1 of the Shoals.
             The game lasted 01:18:20 (34300 turns).

wormed the Transmogrifier (Octopode Transmuter)    Turns: 34300, Time: 01:18:21

Health: -5/135     AC: 14    Str: 18    XL:     16   Next: 20%
Magic:  3/28       EV: 24    Int: 26    God:    Gozag
Gold:   1334       SH:  0    Dex: 13    Spells: 8/31 levels left

rFire   + . .      SeeInvis .      - Unarmed
rCold   + + +      Faith    .    (shield currently unavailable)
rNeg    + . .      Spirit   .    (helmet currently unavailable)
rPois   +          Reflect  .    m - amulet of regeneration
rElec   .          Harm     .    d - ring of positive energy
rCorr   .          Rampage  .    o - ring of protection from fire
Will    +....                    y - +6 ring of strength
Stlth   +                        l - +6 ring of intelligence
HPRegen 1.22/turn                L - ring of flight
MPRegen 0.21/turn                I - ring of protection from fire
                                 B - +5 ring of evasion
                                 P - +5 ring of evasion

@: ice-form, gold aura, flying
A: freezing attack, boosted hp, almost no armour, amphibious, 8 rings, large,
(camouflage 1), (gelatinous body 1), (nimble swimmer 1), (tentacles)
a: End Transformation, Renounce Religion, Potion Petition, Call Merchant, Bribe
Branch


You were on level 1 of the Shoals.
You worshipped Gozag.
Gozag was most pleased with you.
You were a creature of crystalline ice.
You visited 5 branches of the dungeon, and saw 25 of its levels.
You also visited: Ossuary and Bailey.

You collected 8337 gold pieces.
You spent 552 gold pieces at shops.
You paid 6451 gold pieces to Gozag.

Inventory:

Hand Weapons
 u - the +7 sling "Uwoy" {heavy, Dex+5 Stlth+}
   (You found it on level 6 of the Dungeon)

   Dex:       It affects your dexterity (+5).
   Stlth:     It makes you more stealthy.
Missiles
 e - 11 throwing nets
Armour
 C - the +3 hat of Pondering (melded) {ponderous, Will+ MP+10 Int+5}
   (You took it off Gastronok on level 10 of the Dungeon)

   Int:       It affects your intelligence (+5).
   MP:        It affects your magic capacity (+10).
   Will:      It increases your willpower.
Magical Staves
 H - a staff of cold (melded)
 O - a staff of air
Jewellery
 d - a ring of positive energy (left front paw)
 l - a +6 ring of intelligence (on tentacle)
 m - an amulet of regeneration (around neck)
 o - a ring of protection from fire (right front paw)
 y - a +6 ring of strength (on tentacle)
 B - a +5 ring of evasion (on tentacle)
 I - a ring of protection from fire (on tentacle)
 L - a ring of flight (on tentacle)
 P - a +5 ring of evasion (on tentacle)
Wands
 b - a wand of polymorph (4) (quivered)
 h - a wand of mindburst (17)
 t - a wand of digging (9)
 x - a wand of charming (13)
 K - a wand of quicksilver (6)
 N - a wand of roots (1)
Scrolls
 c - 3 scrolls of poison
 g - 7 scrolls of fear
 j - 4 scrolls of fog
 p - 2 scrolls of immolation
 r - 8 scrolls of teleportation
 v - 5 scrolls of enchant weapon
 J - 6 scrolls of identify
 M - 2 scrolls of amnesia
 Q - a scroll of brand weapon
 S - a scroll of torment {unknown}
Potions
 a - 3 potions of lignification
 f - 4 potions of mutation
 i - 2 potions of ambrosia
 k - 2 potions of berserk rage
 n - 5 potions of might
 q - 7 potions of flight
 s - 4 potions of attraction
 w - 10 potions of curing
 z - 3 potions of cancellation
 A - 6 potions of brilliance
 D - 4 potions of magic
 E - 2 potions of invisibility
 F - 6 potions of haste
 G - 4 potions of resistance


   Skills:
 + Level 11.4 Fighting
 + Level 11.4 Dodging
 + Level 11.8 Unarmed Combat
 - Level 8.0 Spellcasting
 + Level 1.1 Translocations
 + Level 13.7 Transmutations
 - Level 5.0 Ice Magic
 + Level 13.7 Air Magic


You had 8 spell levels left.
You knew the following spells:

 Your Spells              Type           Power      Damage    Failure   Level
a - Ice Form              Ice/Tmut       56%        N/A       1%          4
b - Wereblood             Tmut           69%        N/A       1%          2
c - Airstrike             Air            34%        2d(5-21)  1%          4
d - Lightning Bolt        Conj/Air       23%        1d38      10%         5
e - Ozocubu's Armour      Ice            36%        N/A       2%          3
f - Beastly Appendage     Tmut           100%       N/A       1%          1
g - Manifold Assault      Tloc           16%        N/A       34%         4

Your spell library contained the following spells:

 Spells                   Type           Power      Damage    Failure   Level
 Cigotuvi's Dreadful Rot  Necr/Pois/Air  68%        N/A       1%          2
 Spider Form              Tmut/Pois      46%        N/A       1%          3
 Mephitic Cloud           Conj/Pois/Air  34%        N/A       2%          3
 Apportation              Tloc           32%        N/A       3%          1
 Summon Lightning Spire   Summ/Air       46%        N/A       3%          4
 Magic Dart               Conj           40%        1d5       5%          1
 Necrotise                Necr           40%        1d6       5%          1
 Slow                     Hex            40%        N/A       5%          1
 Summon Small Mammal      Summ           40%        N/A       5%          1
 Call Imp                 Summ           10%        N/A       9%          2
 Scorch                   Fire           20%        2d6       9%          2
 Gell's Gravitas          Tloc           16%        N/A       11%         3
 Teleport Other           Tloc           16%        N/A       11%         3
 Confusing Touch          Hex            10%        N/A       17%         3
 Dazzling Flash           Conj/Hex       20%        N/A       17%         3
 Vampiric Draining        Necr           10%        2d6       17%         3
 Iskenderun's Mystic Bla  Conj/Tloc      13%        2d5       41%         4
 Dispel Undead            Necr           10%        3d9       50%         4
 Flame Wave               Conj/Fire      10%        2d6       50%         4
 Metabolic Englaciation   Hex/Ice        11%        N/A       50%         5
 Dispersal                Tloc           8%         N/A       99%         6
 Death Channel            Necr           5%         N/A       100%        6
 Starburst                Conj/Fire      5%         6d4       100%        6
 Summon Cactus Giant      Summ           5%         N/A       100%        6
 Disjunction              Tloc           8%         N/A       100%        8
 Simulacrum               Ice/Necr       Unusable   N/A       N/A         6

Dungeon Overview and Level Annotations

Branches:
Dungeon (15/15)            Temple (1/1) D:4            Lair (5/5) D:8
 Shoals (2/4) Lair:2       Spider (0/4) Lair:2        Slime (0/5) Lair:5
    Orc (2/2) D:12            Elf (0/3) Orc:2        Vaults (0/5) D:14
 Depths (0/4) D:15        Ossuary (visited)          Bailey (visited)

Altars:
Ashenzari
Cheibriados
Dithmenos
Elyvilon
Fedhas
Gozag
Hepliaklqana
Kikubaaqudgha
Makhleb
Nemelex Xobeh
Okawaru
Qazlal
Ru
Sif Muna
Trog
Uskayaw
Vehumet
Wu Jian
Xom
Yredelemnul
Zin
The Shining One
Jiyva

Shops:
D:1 *   D:6 *   D:8 :*   D:12 :   Orc:1 ?   Orc:2 *=(!:   Lair:2 ?   Lair:5 :

Annotations:
D:14 Rupert, Urug


Innate Abilities, Weirdness & Mutations

You are a creature of crystalline ice.
You have a powerful freezing melee attack.
Your maximum health is increased.
Your armour is entirely melded.
You are incapable of wielding weapons or throwing items.
You cannot wear most types of armour.
You are amphibious.
You can wear up to eight rings at the same time.
((Your skin changes colour to match your surroundings (Stealth+).))
((Your rubbery body absorbs attacks. (AC +1, EV +1)))
((You are camouflaged when in or above water. (Stealth+)))
((You have tentacles for arms and can constrict up to eight enemies at once.))


Message History

Aiming: Airstrike (safe; 1% risk of failure)
Press: ? - help, Dir - move target, f/p - merfolk
Aim: a merfolk, wielding a +0 trident and wearing a +0 plate armour (almost dead, empty space bonus: 5/8)
The air twists around and strikes the merfolk!
You kill the merfolk!
The merfolk impaler hits you with a +3 trident of protection! x2
You pummel the merfolk impaler!! You freeze the merfolk impaler!
The merfolk impaler is heavily wounded.
The merfolk impaler hits you with a +3 trident of protection.
You punch the merfolk impaler! You freeze the merfolk impaler.
The merfolk impaler is severely wounded.
The merfolk impaler hits you with a +3 trident of protection!!
You barely miss the merfolk impaler.
The merfolk impaler is severely wounded.
The merfolk impaler completely misses you.
The merfolk impaler closely misses you.
You miss the merfolk impaler.
The merfolk impaler is severely wounded.
The merfolk impaler hits you with a +3 trident of protection!
You punch the merfolk impaler! You freeze the merfolk impaler!
The merfolk impaler is almost dead.
The merfolk impaler barely misses you.
You closely miss the merfolk impaler.
The merfolk impaler is almost dead.
The merfolk impaler hits you with a +3 trident of protection!
The merfolk impaler hits you with a +3 trident of protection!!
You closely miss the merfolk impaler.
The merfolk impaler is almost dead.
The merfolk impaler hits you with a +3 trident of protection.
You hit the merfolk impaler but do no damage.
The merfolk impaler is almost dead.
The merfolk impaler hits you with a +3 trident of protection!!
* * * LOW HITPOINT WARNING * * *
You barely miss the merfolk impaler.
The merfolk impaler is almost dead.
The merfolk impaler hits you with a +3 trident of protection!
* * * LOW HITPOINT WARNING * * *
The merfolk impaler hits you with a +3 trident of protection!
You die...
Your body crumbles into a pile of gold.

≈≈≈≈≈≈≈≈≈≈≈≈≈≈≈≈≈≈≈≈≈≈≈≈≈≈≈≈≈≈≈≈≈
≈≈≈≈≈≈≈≈≈≈≈~~~~~~~~~~≈≈≈≈≈≈~~~~≈≈
≈≈≈≈≈≈≈~~~~~~~~~~~~~~~~~~~~~~~~~~
≈≈≈≈≈≈~~~........~..~~~~~~~....~~
≈≈≈≈≈~~................~.........
≈≈≈≈≈~.................~~~~..#...
≈≈≈≈≈#...#..................##...
≈≈≈≈≈#~..#...(..<.###....)...##..
≈≈≈≈##~~~#(.....Y.# #...~~..###..
≈≈≈##~~)~#....).m$###~......~....
≈≈##~~)~##...........~....~~~....
≈≈#~~~~##≈...........~....~~~~...
≈≈#~~~##~≈...............~~~~~..#
≈≈#~~~#..≈...........##...~.~~~..
≈≈#~~~+.~≈~~...............~~~~~~
≈≈#~~~#..≈~~............~~..~~~~~
≈≈#~~~##~≈~~.................~~~>


You could see a merfolk impaler.

Vanquished Creatures
  Frances (Shoals:1)
  Gastronok (D:10)
  An orc warlord (D:12)
  Nessos (Orc:2)
  The ghost of Mitcholas the Marksspriggan, a journeyman SpHu of Okawaru (Lair:5)
  A fire dragon (Lair:5)
  8 slime creatures
  The ghost of experimilk the Destroyer, a journeyman DrCj of Vehumet (D:10)
  6 hydras
  Harold (D:9)
  The ghost of Cecillian the Ducker, a journeyman GnHs of Cheibriados (D:10)
  Fannar (D:10)
  2 catoblepae
  3 centaur warriors
  3 boulder beetles
  A vampire mage (Lair:2)
  13 death yaks
  A tengu warrior (D:13)
  4 two-headed ogres
  An orc high priest (Orc:2)
  3 sea snakes
  A swamp dragon (Lair:5)
  9 harpies (Shoals:1)
  A deep elf pyromancer (D:15)
  3 cyclopes
  An orc knight (Orc:2)
  7 manticores
  17 elephants
  10 ugly things (D:15)
  2 orc sorcerers (Orc:2)
  3 merfolk sirens (Shoals:1)
  8 black mambas
  11 cane toads
  An ice statue (Lair:3)
  2 water nymphs
  A storm dragon simulacrum (D:15)
  6 kobold demonologists
  An unseen horror (D:10)
  6 rime drakes
  An efreet (D:15)
  6 komodo dragons
  A freezing wraith (Lair:3)
  7 trolls
  17 merfolk
  5 polar bears
  4 wind drakes
  2 snapping turtles (Shoals:1)
  6 dream sheep
  8 blink frogs (Lair:5)
  Sigmund (D:6)
  A water elemental (Shoals:1)
  2 culicivoras (Lair:2)
  44 yaks
  3 wraiths
  2 vampires (D:12)
  A shadow (D:12)
  Eustachio (D:6)
  7 wyverns
  4 basilisks
  A fire elemental (Lair:5)
  2 humans
  A redback (Lair:2)
  Menkaure (D:6)
  8 acid dragons
  14 water moccasins
  2 wargs (Orc:2)
  2 swamp drakes (Lair:5)
  Duvessa (D:6)
  3 black bears
  36 orc warriors
  2 sky beasts
  9 ice beasts
  8 wolves
  6 ogres
  17 centaurs
  3 elf zombies (Ossuary)
  2 phantoms (D:6)
  3 kobold brigands
  13 bullfrogs
  Blork the orc (D:6)
  A necrophage (D:5)
  3 gnoll sergeants
  7 scorpions
  Dowan (D:6)
  5 killer bees
  3 electric eels (Lair:5)
  2 howler monkeys
  3 centaur zombies (Ossuary)
  6 human zombies (Ossuary)
  A gnoll bouda (D:7)
  5 orc priests
  6 hounds
  A jelly (D:5)
  8 iguanas
  Terence (D:2)
  14 orc wizards
  3 mummies (Ossuary)
  19 gnolls
  8 adders
  A white imp (Lair:3)
  2 ufetubi
  2 worms
  A dart slug (D:5)
  96 orcs
  4 ball pythons
  6 endoplasms
  7 giant cockroaches
  7 goblins
  19 hobgoblins
  4 jackals (D:1)
  18 kobolds
  7 quokkas
  6 bats
  A frilled lizard (D:1)
  5 rats
686 creatures vanquished.

Vanquished Creatures (others)
  71 fungi
  162 plants
233 creatures vanquished.

Grand Total: 919 creatures vanquished

Notes
Turn   | Place    | Note
-------+----------+-------------------------------------------
     0 | D:1      | wormed the Octopode Transmuter began the quest for the Orb.
     0 | D:1      | Reached XP level 1. HP: 13/13 MP: 3/3
    94 | D:1      | Reached XP level 2. HP: 13/18 MP: 3/5
   100 | D:1      | Learned a level 2 spell: Wereblood
   391 | D:1      | Reached XP level 3. HP: 19/23 MP: 4/6
   658 | D:1      | Found Wein's General Store.
  1224 | D:2      | Found a snail-covered altar of Cheibriados.
  1289 | D:2      | Noticed Terence
  1650 | D:3      | Reached skill level 1 in Ice Magic
  1650 | D:3      | Reached XP level 4. HP: 28/28 MP: 4/7
  1665 | D:3      | Learned a level 4 spell: Ice Form
  1896 | D:3      | Found a radiant altar of Vehumet.
  2024 | D:3      | Found a faded altar of an unknown god.
  2613 | D:3      | Prayed at the altar of an unknown god.
  2613 | D:3      | Became a worshipper of Elyvilon the Healer
  2613 | D:3      | Reached * piety under Elyvilon
  2763 | D:4      | Found a staircase to the Ecumenical Temple.
  2764 | D:4      | Noticed a scorpion
  2767 | D:4      | Killed a scorpion
  2768 | D:4      | Reached XP level 5. HP: 34/34 MP: 5/8
  2780 | Temple   | Entered the Ecumenical Temple
  2921 | Temple   | Fell from the grace of Elyvilon
  2921 | Temple   | Became a worshipper of Gozag Ym Sagoz the Greedy
  3169 | D:4      | Learned a level 1 spell: Magic Dart
  3493 | D:4      | Found a burning altar of Makhleb.
  3522 | D:4      | Found an iron altar of Okawaru.
  4008 | D:5      | Entered Level 5 of the Dungeon
  4305 | D:5      | Reached XP level 6. HP: 39/39 MP: 2/10
  4461 | D:5      | Reached XP level 7. HP: 45/45 MP: 11/11
  5466 | D:6      | Reached skill level 5 in Transmutations
  5490 | D:6      | Noticed Eustachio
  5665 | D:6      | Killed Eustachio
  5666 | D:6      | Reached XP level 8. HP: 52/52 MP: 13/13
  5676 | D:6      | Noticed Duvessa
  5752 | D:6      | Identified the +7 sling "Uwoy" {heavy, Dex+5 Stlth+}
  5861 | D:6      | Found a sacrificial altar of Ru.
  6150 | D:6      | Noticed Sigmund
  6266 | D:7      | Found a sand-covered staircase.
  6270 | Ossuary  | Entered an ossuary
  6301 | Ossuary  | Reached skill level 5 in Unarmed Combat
  6413 | Ossuary  | Reached XP level 9. HP: 58/58 MP: 15/15
  7371 | D:7      | Reached skill level 5 in Dodging
  7769 | D:8      | Reached skill level 5 in Fighting
  7907 | D:8      | Found Raodoops's General Store.
  7934 | D:8      | Reached skill level 5 in Spellcasting
  7945 | D:8      | Found a flagged portal.
  7950 | D:8      | Reached skill level 5 in Ice Magic
  7960 | Bailey   | Entered a bailey
  8151 | Bailey   | Reached XP level 10. HP: 66/66 MP: 17/17
  8805 | D:8      | Found a staircase to the Lair.
  9090 | D:8      | Identified the +7 dagger of the Healing Fox {venom, Will+}
  9626 | D:9      | Noticed a two-headed ogre
  9635 | D:9      | Killed a two-headed ogre
  9770 | D:9      | Noticed Harold
 10093 | D:2      | Killed Terence
 10279 | D:6      | Noticed Blork the orc
 10285 | D:6      | Killed Blork the orc
 10287 | D:6      | Noticed Menkaure
 10292 | D:6      | Killed Menkaure
 10362 | D:6      | Found a broken altar of Ashenzari.
 10572 | D:6      | Noticed Dowan
 10576 | D:6      | Killed Dowan
 10583 | D:6      | Killed Duvessa
 10594 | D:6      | Killed Sigmund
 10861 | D:10     | Entered Level 10 of the Dungeon
 10887 | D:9      | Reached XP level 11. HP: 72/72 MP: 17/20
 11476 | D:10     | Noticed Gastronok
 11495 | D:10     | Killed Gastronok
 11627 | D:10     | Noticed Fannar
 11644 | D:10     | Killed Fannar
 11645 | D:10     | Reached skill level 10 in Transmutations
 12245 | D:10     | Found an ornate altar of the Wu Jian Council.
 12282 | D:10     | Found a runed translucent gate.
 12283 | D:10     | Found a runed translucent gate.
 12284 | D:10     | Found a runed translucent gate.
 12285 | D:10     | Noticed experimilk's ghost (journeyman DrCj)
 12286 | D:10     | Noticed Cecillian's ghost (journeyman GnHs)
 12823 | D:11     | Noticed a boulder beetle
 12877 | Lair:1   | Entered Level 1 of the Lair of Beasts
 14127 | Lair:2   | Noticed a five-headed hydra
 14267 | Lair:2   | Reached XP level 12. HP: 81/81 MP: 18/22
 14451 | Lair:2   | Found a hole to the Spider Nest.
 14916 | Lair:2   | Found a staircase to the Shoals.
 15509 | Lair:2   | Killed a five-headed hydra
 16091 | Lair:2   | Found a runed translucent door.
 16131 | Lair:2   | Noticed a vampire mage
 16172 | Lair:3   | Noticed an eight-headed hydra
 16907 | Lair:3   | Killed an eight-headed hydra
 16954 | Lair:3   | Reached XP level 13. HP: 72/90 MP: 18/25
 17063 | Lair:3   | Learned a level 3 spell: Ozocubu's Armour
 17069 | Lair:3   | Learned a level 5 spell: Lightning Bolt
 17197 | Lair:3   | Reached skill level 1 in Air Magic
 18236 | Lair:4   | Reached skill level 5 in Air Magic
 19213 | Lair:3   | HP: 3/108 [death yak (5)]
 20322 | Lair:5   | Entered Level 5 of the Lair of Beasts
 20391 | Lair:5   | Found a runed translucent door.
 20415 | Lair:5   | Reached skill level 10 in Air Magic
 20441 | Lair:5   | Found a viscous altar of Jiyva.
 20441 | Lair:5   | Found a staircase to the Slime Pits.
 20665 | Lair:5   | Noticed Mitcholas's ghost (journeyman SpHu)
 20707 | Lair:5   | Reached XP level 14. HP: 97/97 MP: 20/26
 22882 | Lair:5   | Reached skill level 10 in Unarmed Combat
 23055 | Lair:5   | Learned a level 4 spell: Airstrike
 23153 | Lair:5   | Killed Mitcholas's ghost
 23463 | D:9      | Killed Harold
 23824 | D:10     | Killed experimilk's ghost
 23833 | D:10     | Killed Cecillian's ghost
 24818 | D:11     | Reached skill level 10 in Dodging
 25110 | D:11     | Identified a scroll of acquirement
 25114 | D:11     | Acquired a staff of air
 25185 | D:12     | Found a staircase to the Orcish Mines.
 25555 | D:12     | Found a frozen archway.
 25737 | D:12     | Reached skill level 10 in Fighting
 25737 | D:12     | Reached XP level 15. HP: 67/103 MP: 19/27
 25788 | D:12     | You are sucked into a shaft and drop 3 floors!
 25788 | D:15     | Entered Level 15 of the Dungeon
 25796 | D:15     | Found a stormy altar of Qazlal.
 25796 | D:15     | Identified the +3 ring mail "Earthly Heaven" {Will+ rCorr
                  | Str+4}
 25918 | D:15     | Found a staircase to the Depths.
 25919 | D:15     | Noticed a fire giant
 26563 | D:14     | Noticed Urug
 26563 | D:14     | Noticed Rupert
 26563 | D:14     | Found a gate to the Vaults.
 27280 | D:12     | Found Dycew's Book Shoppe.
 27827 | Orc:1    | Entered Level 1 of the Orcish Mines
 27910 | Orc:1    | Noticed an orc warlord
 28600 | D:1      | Bought a scroll of fear for 48 gold pieces
 28600 | D:1      | Bought a scroll of teleportation for 36 gold pieces
 28889 | D:12     | Killed an orc warlord
 29244 | Orc:1    | You are sucked into a shaft and drop 1 floor!
 29244 | Orc:2    | Entered Level 2 of the Orcish Mines
 29247 | Orc:2    | Noticed Nessos
 29313 | Orc:1    | Found Poicy Wideo's Magic Scroll Boutique.
 29435 | Orc:1    | Found a burning altar of Makhleb.
 29596 | Orc:2    | Killed Nessos
 30073 | Orc:2    | Found Iskaf's Weapon Boutique.
 30073 | Orc:2    | Found Teut's Jewellery Shoppe.
 30073 | Orc:2    | Found Lyzxok's General Store.
 30076 | Orc:2    | Found Teshrexi's Distillery.
 30091 | Orc:2    | Bought a +5 ring of evasion for 468 gold pieces
 30140 | Orc:2    | Found a staircase to the Elven Halls.
 30412 | Orc:2    | Found a runed translucent door.
 31206 | Shoals:1 | Entered Level 1 of the Shoals
 32369 | Shoals:1 | Reached XP level 16. HP: 112/112 MP: 20/28
 33074 | Shoals:1 | Learned a level 4 spell: Manifold Assault
 33166 | Shoals:1 | Noticed Frances
 33177 | Shoals:1 | Killed Frances
 33971 | Shoals:2 | Reached skill level 1 in Translocations
 34300 | Shoals:1 | Slain by a merfolk impaler

Illustrated notes

Levels and vault maps discovered:
D:1:      shiori_arrival_elements, layout_loops_ring, serial_shops,
          nicolae_shop_advertising_works [nicolae_subvault_shop_adworks]
D:2:      layout_basic, basic_altar, kennysheep_small_spiral, uniq_terence
D:3:      layout_loops_ring, mainiacjoe_overflow_concentric_impassable,
          dreamdust_ecumenical_altar_hidden_monk_grotto,
          minmay_goblin_kobold_house
D:4:      layout_basic, mainiacjoe_overflow_two_lobes,
          minmay_temple_entry_junction
D:5:      layout_cave_pods, gup_sewer_entry_bubbles
D:6:      layout_loops_cross, mainiacjoe_overflow_alcove_1,
          nicolae_ru_path_of_blood, uniq_eustachio, uniq_blork_the_orc,
          uniq_sigmund, uniq_duvessa, uniq_menkaure
D:7:      kennysheep_housing_project, layout_cave_pools,
          nicolae_ossuary_entry_false_entrances, minivault_14,
          kennysheep_cluttered_room
D:8:      layout_cave_pools, due_lair_maze_entry_diamond, enter_bailey_6,
          chequers_serial_rivers_small_a, nicolae_stop_n_shop_2
D:9:      layout_basic, minmay_quadrilaterals, uniq_harold
D:10:     layout_irregular_city, nzn_wu_jian_council_hall,
          gammafunk_ghost_cemetery, uniq_gastronok, uniq_fannar
D:11:     layout_small_grid, minmay_mirror_moons_of_madness
D:12:     layout_loops_cross, portal_ice_cave_entry_pillars_2, serial_shops,
          shop, minmay_increasing_density
D:13:     layout_roguey
D:14:     layout_roguey, david_vaults_3, nicolae_alphabet_shops, uniq_jorgrun
D:15:     grunt_enter_depths_giant_problem, layout_long_grid,
          grunt_qazlal_clouds
Temple:   nicolae_temple_bog_church
Lair:1:   layout_cave_pods, eino_small_chamber_without_monster,
          serial_bayou_crossing, serial_bayou_shore_a, grunt_megastairs_1
Lair:2:   layout_regular_city, minmay_shoals_entry_beasts,
          spider_nest_entry_funnel_web, pdpol_lair_cabin_in_the_woods
Lair:3:   layout_cave_shapes, ice2_lemuel
Lair:4:   beast_lair_carwin_large_1, layout_cave_pods
Lair:5:   guppyfry_lair_end_dragon, layout_gridlike, slime_entry_1,
          ebering_ghost_reflecting_pool, st_stairs_7, serial_bayou_lagoon_b,
          serial_bayou_shore_b
Shoals:1: layout_shoals, nicolae_shoals_wave_tunnel, uniq_frances
Shoals:2: layout_shoals, nicolae_shop_self_help
Orc:1:    layout_diamond_mine, serial_shops, shop, basic_altar
Orc:2:    st_orc_rangers, layout_caves, lightli_church_of_beogh, uniq_nessos

Skill      XL: |  1  2  3  4  5  6  7  8  9 10 11 12 13 14 15 16 |
---------------+-------------------------------------------------+-----
Transmutations | 3 4 5 6 7 9 10 12 13 | 13.7
Ice Magic      | 1 2 3 4 5 |  5.0
Fighting       | 2 3 4 5 6 7 8 9 10 11 | 11.4
Dodging        | 3 4 5 6 7 9 10 11 | 11.4
Unarmed Combat | 4 5 6 7 8 9 10 11 | 11.8
Spellcasting   | 3 4 5 6 7 8 |  8.0
Air Magic      | 10 12 13 | 13.7
Translocations | 1 |  1.1

Action                   |  1- 3 |  4- 6 |  7- 9 | 10-12 | 13-15 | 16-18 || total
-------------------------+-------+-------+-------+-------+-------+-------++-------
Melee: Unarmed           |    88 |    71 |   340 |   533 |  1194 |    26 ||  2252
       Constrict         |    32 |    12 |     6 |       |     2 |     2 ||    54
       Tentacles         |    15 |     2 |     4 |       |     2 |     3 ||    26
       Kick              |    27 |    12 |     5 |       |       |       ||    44
       Punch             |     3 |     1 |     1 |       |     1 |     1 ||     7
       Staff             |       |       |       |       |     5 |     6 ||    11
 Fire: Sling             |       |       |    13 |    11 |       |       ||    24
 Cast: Beastly Appendage |    29 |    14 |    12 |       |       |       ||    55
       Wereblood         |     8 |    10 |    11 |    43 |    53 |     1 ||   126
       Ice Form          |       |     8 |    35 |    75 |   108 |     5 ||   231
       Magic Dart        |       |     7 |       |       |       |       ||     7
       Ozocubu's Armour  |       |       |       |       |    39 |       ||    39
       Lightning Bolt    |       |       |       |       |     5 |     1 ||     6
       Airstrike         |       |       |       |       |    47 |    72 ||   119
Invok: Call Merchant     |       |       |       |     3 |     2 |       ||     5
       Potion Petition   |       |       |       |     1 |     3 |       ||     4
 Abil: End Transformatio |       |       |       |     2 |       |       ||     2
Evoke: Wand              |       |     1 |       |    10 |     8 |       ||    19
  Use: Scroll            |     4 |    11 |     5 |    18 |    12 |     1 ||    51
       Potion            |       |       |       |     2 |    18 |     2 ||    22
 Stab: Sleeping          |     4 |     2 |     2 |     4 |       |       ||    12
       Distracted        |       |       |       |       |     4 |       ||     4
       Invisible         |       |       |       |       |     1 |       ||     1
Armor: Skin              |    11 |    12 |   104 |   217 |   527 |     7 ||   878
Dodge: Dodged            |    55 |    42 |   200 |   363 |   848 |    69 ||  1577

Table legend: (Time is in decaauts)
 A = Elapsed time spent in this place.
 B = Non-inter-level travel time spent in this place.
 C = Inter-level travel time spent in this place.
 D = Time resting spent in this place.
 E = Time spent auto-exploring this place.
 F = Levels seen in this place.
 G = Mean time per level.
                   A        B        C        D        E       F      G
               +--------+--------+--------+--------+--------+-----+--------+
         Total |  34650 |  31610 |   3040 |   2279 |  21674 |  27 | 1283.3 |
       Dungeon |  17327 |  15264 |   2063 |   1024 |  10644 |  15 | 1155.1 |
        Temple |    156 |    126 |     30 |      0 |    110 |   1 |  156.0 |
          Lair |  11136 |  10283 |    853 |    941 |   6502 |   5 | 2227.2 |
        Shoals |   2788 |   2788 |      0 |    108 |   2299 |   2 | 1394.0 |
  Orcish Mines |   2252 |   2160 |     92 |     83 |   1591 |   2 | 1126.0 |
       Ossuary |    278 |    278 |      0 |      0 |    108 |   1 |  278.0 |
        Bailey |    711 |    711 |      0 |    123 |    418 |   1 |  711.0 |
               +--------+--------+--------+--------+--------+-----+--------+

Top non-repeatable levels by time:
  Lair:2: 3103 daAuts
  Lair:5: 2704 daAuts
Shoals:1: 2541 daAuts
  Lair:4: 2396 daAuts
    D:12: 1960 daAuts
     D:5: 1618 daAuts
    D:11: 1608 daAuts
  Lair:1: 1540 daAuts
    D:10: 1467 daAuts
   Orc:2: 1432 daAuts
     D:4: 1416 daAuts
  Lair:3: 1391 daAuts
     D:7: 1372 daAuts
     D:9: 1343 daAuts
     D:3: 1174 daAuts
